 Dungeon Crawl Stone Soup version 0.31-a0-435-g2c6fae2916 (webtiles) character file.

Game seed: 14769190417414729912

93 sampeng1 the Chopper (level 4, 0/41 HPs)
             Began as a Minotaur Berserker on Aug 1, 2023.
             Was a Believer of Trog.
             Slain by a gnoll
             ... wielding a +0 flail
              (11 damage)
             ... on level 2 of the Dungeon.
             The game lasted 00:04:02 (983 turns).

sampeng1 the Chopper (Minotaur Berserker)            Turns: 983, Time: 00:04:03

Health: 0/41       AC:  6    Str: 24    XL:     4   Next: 36%
Magic:  3/3        EV:  7    Int:  4    God:    Trog [**....]
Gold:   106        SH: 10    Dex:  9    Spells: 3/3 levels left

rFire   . . .        a - +0 hand axe
rCold   . . .        i - +0 tower shield
rNeg    . . .        b - +0 scale mail
rPois   .            (helmet restricted)
rElec   .            (no cloak)
rCorr   .            (no gloves)
SInv    .            (no boots)
Will    .....        (no amulet) Stlth
                     (no ring)
HPRegen 0.26/turn    (no ring)
MPRegen 0.08/turn

%: no passive effects
@: no status effects
A: horns 2, retaliatory headbutt
a: Renounce Religion, Berserk, Trog's Hand


You were on level 2 of the Dungeon.
You worshipped Trog.
Trog was pleased with you.
You visited 1 branch of the dungeon, and saw 2 of its levels.

You collected 106 gold pieces.

Inventory:

Hand Weapons
 a - a +0 hand axe (weapon)
Missiles
 d - a throwing net (quivered)
 j - 3 poisoned darts
Armour
 b - a +0 scale mail (worn)
 i - a +0 tower shield (worn)
Jewellery
 e - an amulet of magic regeneration
Scrolls
 g - a scroll of poison {unknown}
 h - a scroll of enchant weapon {unknown}
Potions
 c - a potion of invisibility {unknown}
 f - a potion of berserk rage {unknown}
 k - a potion of curing {unknown}
 l - a potion of magic {unknown}


   Skills:
 + Level 4.4 Fighting
 + Level 4.4 Axes
 + Level 3.4 Armour
 + Level 3.1 Dodging
 + Level 0.4 Shields


You had 3 spell levels left.
You didn't know any spells.
Your spell library was empty.

Dungeon Overview and Level Annotations

Branches:
Dungeon (2/15)

Altars:
Cheibriados


Innate Abilities, Weirdness & Mutations

You have a pair of horns on your head.
You reflexively headbutt those who attack you in melee.


Message History

k - a grey potion
l - a coppery potion A gnoll comes into view.
It is wielding a +0 flail.
The gnoll shouts!
A gnoll comes into view. It is wielding a +0 flail.
The gnoll shouts!
You hear a shout!
A gnoll comes into view. It is wielding a +0 flail.
The gnoll shouts!
A gnoll comes into view. It is wielding a +0 flail.
The gnoll moves out of view.
The gnoll hits you with a +0 flail.
You hit the gnoll but do no damage. You block the gnoll's attack.
You hit the gnoll.
The gnoll is lightly wounded.
You hit the gnoll but do no damage. You block the gnoll's attack. x2
The gnoll hits you with a +0 flail. x2
You hit the gnoll.
The gnoll is heavily wounded.
You barely miss the gnoll. The gnoll hits you with a +0 flail!
You block the gnoll's attack.
You hit the gnoll.
The gnoll is almost dead.
You hit the gnoll. The gnoll hits you with a +0 flail.
The gnoll hits you with a +0 flail!
* * * LOW HITPOINT WARNING * * *
The gnoll attacks as you move away! You block the gnoll's attack.
You slash the gnoll!
You kill the gnoll!
Trog accepts your kill. You block the gnoll's attack.
You closely miss the gnoll.
The gnoll is moderately wounded.
You block the gnoll's attack.
You hit the gnoll but do no damage. Your headbutt misses the gnoll.
The gnoll is moderately wounded.
You block the gnoll's attack.
You hit the gnoll but do no damage. Your headbutt misses the gnoll.
The gnoll is moderately wounded.
The gnoll hits you with a +0 flail!
You die...

.......#....#
.#[.........#
.#...#......#
.#..........#
.#.#........# #
.#.#..##....# .###
#..........# ....#
+###.....#..########.....#
.........#......@ggg.#
...<.÷...##.#######..#
........................
.....#####.###############
...◎.....................#
#.########.############.##
#†#...................#.#
#.#.######.##########.#.#
#.#.# #......# #.#.#


You could see 3 gnolls.

Vanquished Creatures
  3 adders (D:2)
  A gnoll (D:2)
  4 worms (D:2)
  A dart slug (D:2)
  2 ball pythons (D:1)
  2 bats (D:2)
  4 endoplasms (D:1)
  2 giant cockroaches
  4 goblins
  A hobgoblin (D:1)
  7 jackals
  A quokka (D:2)
  2 frilled lizards (D:1)
  3 kobolds
  6 rats
43 creatures vanquished.

Notes
Turn   | Place    | Note
-------+----------+-------------------------------------------
     0 | D:1      | sampeng1 the Minotaur Berserker began the quest for the
                  | Orb.
     0 | D:1      | Reached XP level 1. HP: 19/19 MP: 0/0
   112 | D:1      | Reached XP level 2. HP: 25/27 MP: 1/1
   355 | D:1      | Found a faded altar of an unknown god.
   527 | D:2      | Reached XP level 3. HP: 16/33 MP: 2/2
   628 | D:2      | Reached ** piety under Trog
   710 | D:2      | Found a snail-covered altar of Cheibriados.
   777 | D:2      | Reached XP level 4. HP: 40/40 MP: 3/3
   983 | D:2      | Slain by a gnoll

Illustrated notes

Levels and vault maps discovered:
D:1:      tarquinn_simple_flora_water_a, layout_rooms,
          hellmonk_ecumenical_altar_prayer_group, serial_rivers,
          chequers_serial_rivers_small_b, chequers_serial_rivers_small_a,
          chequers_serial_rivers_micro_d, chequers_serial_rivers_micro_b,
          chequers_serial_rivers_small_a
D:2:      layout_basic, basic_altar

Skill      XL: |  1  2  3 |
---------------+----------+-----
Axes           | 4 |  4.4
Fighting       | 4 |  4.4
Armour         | 3 |  3.4
Dodging        | 3 |  3.1
Shields        | |  0.4

Action                     |  1- 3 |  4- 6 || total
---------------------------+-------+-------++-------
  Melee: Hand axe          |    87 |    22 ||   109
         Headbutt          |    15 |     3 ||    18
 Armour: Animal skin       |     7 |       ||     7
         Scale mail        |    42 |     7 ||    49
         Ring mail         |     1 |       ||     1
  Dodge: Dodged            |    56 |     5 ||    61
  Block: Tower shield      |    12 |    11 ||    23

Table legend: (Time is in decaauts)
 A = Elapsed time spent in this place.
 B = Non-inter-level travel time spent in this place.
 C = Inter-level travel time spent in this place.
 D = Time resting spent in this place.
 E = Time spent auto-exploring this place.
 F = Levels seen in this place.
 G = Mean time per level.
                   A        B        C        D        E       F      G
               +--------+--------+--------+--------+--------+-----+--------+
         Total |   1013 |    970 |     43 |      0 |    515 |   2 |  506.5 |
       Dungeon |   1013 |    970 |     43 |      0 |    515 |   2 |  506.5 |
               +--------+--------+--------+--------+--------+-----+--------+

Top non-repeatable levels by time:
     D:1: 525 daAuts
     D:2: 488 daAuts
